 Dungeon Crawl Stone Soup version 0.31.0-32-g396128a36d (webtiles) character file.

Game seed: 7693124214194291965

125 PaiMei the Grave Robber (level 4, -5/30 HPs)
             Began as a Demonspawn Necromancer on Mar 29, 2024.
             Slain by Duvessa
             ... wielding a +0 short sword
              (8 damage)
             ... on level 4 of the Dungeon.
             The game lasted 00:03:42 (3258 turns).

PaiMei the Grave Robber (Demonspawn Necromancer)    Turns: 3258, Time: 00:03:43

Health: -5/30      AC:  3    Str:  8    XL:     4   Next: 82%
Magic:  8/8        EV: 12    Int: 18    God:
Gold:   134        SH:  0    Dex: 13    Spells: 7/8 levels left

rFire   . . .        o - +3 dagger
rCold   . . .        (no shield)
rNeg    + . .        a - +0 robe
rPois   .            g - +0 helmet
rElec   .            (no cloak)
rCorr   .            (no gloves)
SInv    .            (no boots)
Will    .....        (no amulet)
Stlth   ++           r - ring of positive energy
HPRegen 0.25/turn    (no ring)
MPRegen 0.11/turn

%: no passive effects
@: no status effects
A: powered by pain 1, weakness stinger 2
a: no special abilities


You were on level 4 of the Dungeon.
You visited 1 branch of the dungeon, and saw 4 of its levels.

You collected 176 gold pieces.
You spent 42 gold pieces at shops.

Inventory:

Hand Weapons
 o - a +3 dagger (weapon)
Missiles
 h - 6 javelins
 l - a throwing net
Armour
 a - a +0 robe (worn)
 g - a +0 helmet (worn)
Jewellery
 r - a ring of positive energy (left hand)
Scrolls
 c - 2 scrolls of identify {unknown}
 d - a scroll of enchant armour {unknown}
 i - a scroll of amnesia {unknown}
 m - 2 scrolls of enchant weapon {unknown}
 p - a scroll of teleportation
Potions
 b - a potion of magic
 e - a potion of lignification {unknown}
 f - a potion of might {unknown}
 j - a potion of attraction {unknown}
 k - 2 potions of mutation {unknown}
 n - a potion of haste {unknown}
 q - a potion of brilliance {unknown}


   Skills:
 + Level 2.6 Dodging
 + Level 2.8 Stealth
 + Level 2.9 Spellcasting
 + Level 5.1 Necromancy


You had 7 spell levels left.
You knew the following spells:

 Your Spells              Type           Power      Damage    Failure   Level
a - Necrotise             Necr           84%        1d8       1%          1

Your spell library contained the following spells:

 Spells                   Type           Power      Damage    Failure   Level
 Vampiric Draining        Necr           21%        2d7       6%          3
 Animate Dead             Necr           21%        N/A       21%         4
 Curse of Agony           Necr           21%        N/A       50%         5
 Summon Forest            Summ/Tloc      1%         N/A       99%         5
 Eringya's Noxious Bog    Alch           1%         4d6       100%        6
 Summon Hydra             Summ           1%         N/A       100%        7


Dungeon Overview and Level Annotations

Branches:
Dungeon (4/15)
 Temple: D:4-7

Altars:

Shops:
D:3 *

Annotations:
D:4 Dowan, Duvessa


Innate Abilities, Weirdness & Mutations

You sometimes gain a little power by taking damage.
You have a tail ending in a sharp stinger.


Message History

Aiming: Necrotise (safe; 1% risk of failure)
Press: ? - help, Shift-Dir - straight line, f/p - Duvessa
Aim: Duvessa, wielding a +0 short sword, wearing a +0 ring mail and carrying a wand of flame (moderately wounded, chance to affect: 65%) Duvessa struggles to resist.
Dowan shouts!
Dowan gestures wildly while chanting.
Dowan blinks!
Casting: Necrotise (safe; 1% risk of failure)
Confirm with . or Enter, or press ? or * to list all spells.
You don't know that spell.
Casting: Necrotise (safe; 1% risk of failure)
Confirm with . or Enter, or press ? or * to list all spells.
Aiming: Necrotise (safe; 1% risk of failure)
Press: ? - help, Shift-Dir - straight line, f/p - Duvessa
Aim: Duvessa, wielding a +0 short sword, wearing a +0 ring mail and carrying a wand of flame (moderately wounded, chance to affect: 65%) Duvessa writhes in agony.
Duvessa hits you with a +0 short sword.
Casting: Necrotise (safe; 1% risk of failure)
Confirm with . or Enter, or press ? or * to list all spells.
Aiming: Necrotise (safe; 1% risk of failure)
Press: ? - help, Shift-Dir - straight line, f/p - Duvessa
Aim: Duvessa, wielding a +0 short sword, wearing a +0 ring mail and carrying a wand of flame (heavily wounded, chance to affect: 65%) Duvessa struggles to resist.
Duvessa misses you.
Casting: Necrotise (safe; 1% risk of failure)
Confirm with . or Enter, or press ? or * to list all spells.
Aiming: Necrotise (safe; 1% risk of failure)
Press: ? - help, Shift-Dir - straight line, f/p - Duvessa
Aim: Duvessa, wielding a +0 short sword, wearing a +0 ring mail and carrying a wand of flame (heavily wounded, chance to affect: 65%) Duvessa writhes in agony!
Duvessa hits you with a +0 short sword!
You hit Duvessa.
Duvessa is severely wounded.
Duvessa hits you with a +0 short sword!
You hit Duvessa but do no damage.
Duvessa is severely wounded.
Duvessa hits you with a +0 short sword!
* * * LOW HITPOINT WARNING * * *
You focus on the pain.
You feel your power returning.
You hit Duvessa.
Duvessa is severely wounded.
Duvessa hits you with a +0 short sword!
You die...

. ..#.#.# ..#
..... .... #...#
...#.#...
........# ##
......#.### ..#
#......# ..
#..#.#.## .# .#
##...#.@###.####.
#..###.e........
#..
##.........##.
##.
#.....#..##...
#.#....#.##......
#.#..###.....#
....# ##..##..##
#.## #........#
#.#.....#####...#


You could see Duvessa.

Vanquished Creatures
  2 gnolls (D:3)
  2 adders (D:3)
  A dart slug (D:3)
  2 ribbon worms (D:3)
  8 orcs (D:3)
  5 ball pythons
  An endoplasm (D:3)
  A giant cockroach (D:2)
  8 goblins
  5 hobgoblins
  3 jackals (D:3)
  2 quokkas (D:1)
  8 bats
  3 frilled lizards (D:1)
  3 kobolds
  5 rats
59 creatures vanquished.

Vanquished Creatures (collateral kills)
  A gnoll (D:3)
  An endoplasm (D:2)
2 creatures vanquished.

Grand Total: 61 creatures vanquished

Notes
Turn   | Place    | Note
-------+----------+-------------------------------------------
     0 | D:1      | PaiMei the Demonspawn Necromancer began the quest for the
                  | Orb.
     0 | D:1      | Reached XP level 1. HP: 13/13 MP: 3/3
   253 | D:1      | Gained mutation: You have a small tail. [demonic ancestry]
   253 | D:1      | Reached XP level 2. HP: 19/19 MP: 0/5
   500 | D:1      | You fall into a shaft and drop 1 floor!
  1021 | D:2      | Found a faded altar of an unknown god.
  1273 | D:2      | Gained mutation: You have a tail ending in a sharp stinger.
                  | [demonic ancestry]
  1273 | D:2      | Reached XP level 3. HP: 24/24 MP: 2/6
  2288 | D:3      | Gained mutation: You sometimes gain a little power by
                  | taking damage. [demonic ancestry]
  2288 | D:3      | Reached XP level 4. HP: 30/30 MP: 0/7
  2413 | D:3      | Found Xettut's General Store.
  2422 | D:3      | Bought a scroll of teleportation for 42 gold pieces
  2631 | D:3      | Reached skill level 5 in Necromancy
  3239 | D:4      | Noticed Duvessa
  3239 | D:4      | Noticed Dowan
  3258 | D:4      | Slain by Duvessa

Illustrated notes

Levels and vault maps discovered:
D:1:      shiori_shiawase, layout_basic, nrook_mini_vaults
D:2:      layout_basic, dreamdust_ecumenical_altar_angels_and_demons
D:3:      layout_basic, serial_shops, shop
D:4:      layout_rooms, minmay_temple_entry_wispy, nicolae_letterblocks
          [nicolae_letter_subblock, nicolae_letter_subblock,
          nicolae_letter_subblock, nicolae_letter_subblock,
          nicolae_letter_subblock, nicolae_letter_subblock,
          nicolae_letter_subblock, nicolae_letter_subblock,
          nicolae_letter_subblock, nicolae_letter_subblock,
          nicolae_letter_subblock, nicolae_letter_subblock,
          nicolae_letter_subblock, nicolae_letter_subblock,
          nicolae_letter_subblock, nicolae_letter_subblock,
          nicolae_letter_subblock, nicolae_letter_subblock,
          nicolae_letter_subblock, nicolae_letter_subblock,
          nicolae_letter_subblock, nicolae_letter_subblock,
          nicolae_letter_subblock, nicolae_letter_subblock,
          nicolae_letter_subblock], uniq_duvessa, uniq_sigmund

Skill      XL: |  1  2  3  4 |
---------------+-------------+-----
Stealth        | 2 |  2.8
Dodging        | 2 |  2.6
Necromancy     | 5 |  5.1
Spellcasting   | |  2.9

Action                     |  1- 3 |  4- 6 || total
---------------------------+-------+-------++-------
  Melee: Dagger            |     3 |    17 ||    20
         Tailslap          |       |     2 ||     2
   Cast: Necrotise         |    76 |    45 ||   121
   Stab: Distracted        |       |     1 ||     1
 Armour: Robe              |    12 |    20 ||    32
  Dodge: Dodged            |    11 |    14 ||    25
